 Dungeon Crawl Stone Soup version 0.22.1-2-g9c5b331 (webtiles) character file.

3283 magicm the Archer (level 9, -1/78 HPs)
             Began as a Centaur Hunter on Nov 21, 2018.
             Was an Initiate of Gozag.
             Shot with a sling bullet by Joseph (10 damage)
             ... on level 8 of the Dungeon.
             The game lasted 00:23:30 (6419 turns).

magicm the Archer (Centaur Hunter)                  Turns: 6419, Time: 00:23:31

Health: -1/78      AC: 13    Str: 14    XL:     9   Next: 69%
Magic:  9/9        EV:  8    Int: 10    God:    Gozag
Gold:   126        SH:  0    Dex: 18    Spells: 8/8 levels left

rFire    + . .     SeeInvis +   b - +2 mace of the Weasel {freeze, rElec Dex+4}
rCold    . . .     Gourm    .   (no shield)
rNeg     . . .     Faith    .   x - +1 scale mail {rF+}
rPois    .         Spirit   .   i - +0 helmet
rElec    +         Reflect  .   l - +0 cloak
rCorr    .         Harm     .   (no gloves)
MR       .....                  (no barding)
Stlth    ..........             (no amulet)
HPRegen  0.23/turn              p - +3 ring of protection
MPRegen  0.11/turn              o - ring of see invisible

@: gold aura, very quick
A: large, hooves 3, deformed body, speed 2, tough skin 3
a: Potion Petition, Call Merchant, Bribe Branch, Renounce Religion


You were on level 8 of the Dungeon.
You worshipped Gozag.
Gozag was aware of your devotion.
You were not hungry.

You visited 1 branch of the dungeon, and saw 8 of its levels.

You collected 640 gold pieces.
You spent 438 gold pieces at shops.
You paid 76 gold pieces to Gozag.

Inventory:

Hand Weapons
 a - a +3 shortbow
 b - the +2 mace of the Weasel (weapon) {freeze, rElec Dex+4}
   (You found it on level 5 of the Dungeon)

   It has been specially enchanted to freeze those struck by it, causing extra
   injury to most foes and up to half again as much damage against particularly
   susceptible opponents.
   It can also slow down cold-blooded creatures.
   It affects your dexterity (+4).
   It insulates you from electricity.
 m - a +0 trident of venom
 t - a +0 short sword
 u - the +10 mace of Hischem {vamp, -Tele +Fly rPois MR+ Str+7, unknown}
   (You found it on level 5 of the Dungeon)

   It inflicts no extra harm, but heals its wielder when it wounds a living foe.
   It affects your strength (+7).
   It protects you from poison.
   It affects your resistance to hostile enchantments.
   It lets you fly.
   It prevents most forms of teleportation.
Armour
 i - a +0 helmet (worn)
 l - a +0 cloak (worn)
 x - a +1 scale mail of fire resistance (worn)
Jewellery
 o - a ring of see invisible (right hand)
 p - a +3 ring of protection (left hand)
Wands
 j - a wand of polymorph (15)
 q - a wand of flame (14)
Scrolls
 k - 3 scrolls of remove curse
 w - a scroll of amnesia
Potions
 c - a potion of flight
 e - a potion of curing
 g - a potion of invisibility
 n - a potion of magic {unknown}
 s - 2 potions of might
Comestibles
 f - 10 rations


   Skills:
 + Level 6.6 Fighting
 + Level 1.0 Maces & Flails
 + Level 14.4 Bows
 + Level 2.8 Armour
 + Level 2.5 Dodging
 + Level 0.6 Stealth
 + Level 0.3 Unarmed Combat


You had 8 spell levels left.
You didn't know any spells.
Your spell library was empty.

Dungeon Overview and Level Annotations

Branches:
Dungeon (8/15)             Temple (0/1) D:7
   Lair: D:8-11

Altars:
Gozag
Kikubaaqudgha
Okawaru
Ru

Shops:
D:5 !   D:6 ?}   D:7 [

Annotations:
D:8 Gastronok, Joseph


Innate Abilities, Weirdness & Mutations

You have hooves in place of feet.
Armour fits poorly on your strangely shaped body.
You cover ground very quickly.
You have extremely tough skin. (AC +3)


Message History

* * * LOW HITPOINT WARNING * * *
You feel sick.
The killer bee stings you but does no damage.
The killer bee closely misses you.
The killer bee stings you but does no damage.
* * * LOW HITPOINT WARNING * * *
You feel sick.
You see here 4 gold pieces.
You feel better.
Your surroundings suddenly seem different.
Joseph, a Mercenary comes into view.
He is wielding a quarterstaff.
Joseph shouts!
Joseph unwields an uncursed quarterstaff.
Joseph wields a hunting sling.
Joseph shoots a sling bullet.
The sling bullet hits you.
* * * LOW HITPOINT WARNING * * *
Found a sling bullet.
Joseph shoots a sling bullet.
The sling bullet hits you!
You die...
Your body crumbles into a pile of gold.

###########
#(...@....#
#@#######.#
#.# #.. #..
#.## ...
#.#


You could see Joseph.

Vanquished Creatures
  Pikel (D:8)
  Grinder (D:4)
  2 hippogriffs
  Sigmund (D:4)
  Eustachio (D:6)
  2 water moccasins
  2 ice beasts
  A slave (D:8)
  A sky beast (D:6)
  3 ogres
  3 phantoms
  A centaur (D:5)
  2 scorpions
  A howler monkey (D:8)
  A jelly (D:7)
  A centaur zombie (D:7)
  3 hounds
  Crazy Yiuf (D:5)
  An orc priest (D:4)
  3 bullfrog skeletons
  2 orc wizards
  4 worker ants
  A hound skeleton (D:6)
  A worker ant zombie (D:7)
  A gnoll (D:6)
  A howler monkey skeleton (D:8)
  13 adders
  3 shadow imps
  An ooze (D:2)
  2 adder skeletons
  2 worms
  3 dart slugs
  3 leopard geckos
  14 orcs
  6 ball pythons
  6 bats
  8 giant cockroaches
  11 goblins
  8 hobgoblins
  3 jackals (D:3)
  3 quokkas
  3 frilled lizards (D:2)
  11 kobolds
  5 rats
147 creatures vanquished.

Notes
Turn   | Place    | Note
-------+----------+-------------------------------------------
     0 | D:1      | magicm the Centaur Hunter began the quest for the Orb.
     0 | D:1      | Reached XP level 1. HP: 17/17 MP: 1/1
   179 | D:1      | Reached XP level 2. HP: 24/24 MP: 2/2
   292 | D:1      | Reached skill level 6 in Bows
  1153 | D:2      | Reached XP level 3. HP: 30/30 MP: 3/3
  1566 | D:2      | Reached XP level 4. HP: 37/37 MP: 4/4
  1681 | D:2      | Reached skill level 7 in Bows
  1959 | D:3      | Reached XP level 5. HP: 44/44 MP: 5/5
  2145 | D:3      | Reached skill level 8 in Bows
  2583 | D:4      | Reached XP level 6. HP: 49/51 MP: 6/6
  2621 | D:4      | Reached skill level 9 in Bows
  2975 | D:4      | Noticed Sigmund
  2998 | D:4      | Killed Sigmund
  2998 | D:4      | Reached skill level 10 in Bows
  2998 | D:4      | Reached XP level 7. HP: 29/58 MP: 7/7
  3508 | D:5      | Entered Level 5 of the Dungeon
  3508 | D:5      | Noticed Grinder
  3512 | D:5      | Paralysed by Grinder for 2 turns
  3520 | D:5      | Paralysed by Grinder for 6 turns
  3780 | D:4      | Paralysed by Grinder for 4 turns
  3788 | D:4      | Killed Grinder
  3788 | D:4      | Reached skill level 11 in Bows
  3788 | D:4      | Reached skill level 1 in Armour
  3994 | D:5      | Found a sacrificial altar of Ru.
  3995 | D:5      | Found an iron altar of Okawaru.
  3995 | D:5      | Found an ancient bone altar of Kikubaaqudgha.
  3996 | D:5      | Found an opulent altar of Gozag.
  3998 | D:5      | Found Joqokaj's Distillery.
  4005 | D:5      | Became a worshipper of Gozag Ym Sagoz the Greedy
  4012 | D:5      | Bought a potion of heal wounds for 70 gold pieces
  4068 | D:5      | Reached XP level 8. HP: 38/67 MP: 8/8
  4365 | D:5      | Found a runed door.
  4499 | D:5      | Reached skill level 12 in Bows
  4672 | D:5      | Noticed Crazy Yiuf
  4676 | D:5      | Killed Crazy Yiuf
  4684 | D:5      | Got a dazzling mace
  4687 | D:5      | Got a translucent mace
  4729 | D:6      | Identified the +2 mace of the Weasel {freeze, rElec Dex+4}
                  | (You found it on level 5 of the Dungeon)
  4808 | D:6      | Found Yxamn's Magic Scroll Boutique.
  4816 | D:6      | Bought a scroll of identify for 26 gold pieces
  4816 | D:6      | Bought a scroll of enchant armour for 97 gold pieces
  5006 | D:6      | Noticed Eustachio
  5016 | D:6      | Killed Eustachio
  5016 | D:6      | Reached skill level 5 in Fighting
  5041 | D:6      | Reached skill level 13 in Bows
  5209 | D:6      | Found Womusargh's Gadget Shop.
  5489 | D:7      | Reached XP level 9. HP: 54/74 MP: 9/9
  5641 | D:7      | Found Jifoater's Antique Armour Boutique.
  5653 | D:7      | Bought a shiny scale mail for 245 gold pieces
  5975 | D:7      | Found a staircase to the Ecumenical Temple.
  6205 | D:8      | Noticed Pikel
  6226 | D:8      | Killed Pikel
  6226 | D:8      | Reached skill level 14 in Bows
  6335 | D:8      | Noticed Gastronok
  6413 | D:8      | Reached skill level 1 in Maces & Flails
  6415 | D:8      | Noticed Joseph
  6419 | D:8      | Shot with a sling bullet by Joseph

Skill      XL: |  1  2  3  4  5  6  7  8  9 |
---------------+----------------------------+-----
Bows           | 6 7 8 10 11 13 14 | 14.4
Fighting       | 3 4 5 6 |  6.6
Armour         | 1 2 |  2.8
Dodging        | 2 |  2.5
Maces & Flails | 1 |  1.0
Stealth        | |  0.6
Unarmed Combat | |  0.3

Action                   |  1- 3 |  4- 6 |  7- 9 || total
-------------------------+-------+-------+-------++-------
Melee: Kick              |       |     1 |    16 ||    17
       Trident           |       |     1 |       ||     1
       Unarmed           |       |       |     4 ||     4
       Mace              |       |       |    36 ||    36
       Short sword       |       |       |     1 ||     1
 Fire: Shortbow          |   111 |   210 |   255 ||   576
Invok: Potion Petition   |       |       |     1 ||     1
  Use: Scroll            |     9 |     3 |     9 ||    21
       Potion            |       |       |     6 ||     6
  Eat: Ration            |     1 |     1 |     2 ||     4
Armor: Ring mail         |     6 |       |       ||     6
       Leather armour    |     3 |       |       ||     3
       Scale mail        |     1 |    27 |    93 ||   121
Dodge: Dodged            |    17 |    31 |    67 ||   115
